 Dungeon Crawl Stone Soup version 0.30-a0-824-g6c64550be9 (webtiles) character file.

Game seed: 14682235902991861339

42 Pimp the Trooper (level 3, -1/29 HPs)
             Began as a Demonspawn Berserker on Feb 27, 2023.
             Was a Believer of Trog.
             Slain by an orc
             ... wielding a +0 dagger
              (4 damage)
             ... on level 3 of the Dungeon.
             The game lasted 00:03:12 (1996 turns).

Pimp the Trooper (Demonspawn Berserker)             Turns: 1996, Time: 00:03:13

Health: -1/29      AC: 10    Str: 18 (19) XL:     3   Next: 35%
Magic:  3/3        EV:  7    Int:  5 (8)  God:    Trog [**....]
Gold:   109        SH:  0    Dex:  9 (12) Spells: 2/2 levels left

rFire   . . .      SeeInvis .    a - +0 hand axe
rCold   . . .      Faith    .    (no shield)
rNeg    . . .      Spirit   .    k - +1 chain mail
rPois   .          Reflect  .    (no helmet)
rElec   .          Harm     .    (no cloak)
rCorr   .          Rampage  .    (no gloves)
Will    .....                    f - +0 pair of boots Stlth
                                 (no amulet)
HPRegen 0.24/turn                (no ring)
MPRegen 0.08/turn                (no ring)

@: no status effects
A: hooves 1
a: Renounce Religion, Berserk, Trog's Hand


You were on level 3 of the Dungeon.
You worshipped Trog.
Trog was pleased with you.
You visited 1 branch of the dungeon, and saw 3 of its levels.

You collected 109 gold pieces.

Inventory:

Hand Weapons
 a - a +0 hand axe (weapon)
Armour
 b - a +0 animal skin
 f - a +0 pair of boots (worn)
 k - a +1 chain mail (worn)
Jewellery
 n - an amulet of magic regeneration
Scrolls
 c - 2 scrolls of vulnerability
 d - a scroll of silence {unknown}
 e - a scroll of poison
 j - a scroll of identify
Potions
 g - 3 potions of lignification
 l - a potion of ambrosia
 p - 2 potions of curing {unknown}


   Skills:
 + Level 3.3 Fighting
 + Level 3.1 Axes
 + Level 2.3 Armour
 + Level 2.3 Dodging


You had 2 spell levels left.
You didn't know any spells.
Your spell library was empty.

Dungeon Overview and Level Annotations

Branches:
Dungeon (3/15)

Altars:


Innate Abilities, Weirdness & Mutations

You have large cloven feet.


Message History

You barely miss the orc priest. You hit the orc but do no damage.
The orc closely misses you. The orc priest hits you with a +0 club.
* * * LOW HITPOINT WARNING * * *
You hit the orc priest.
The orc priest is moderately wounded.
You hit the orc but do no damage. The orc hits you with a +0 dagger.
* * * LOW HITPOINT WARNING * * *
The orc priest hits you but does no damage.
The orc priest barely misses you. The orc hits you but does no damage.
You hit the orc priest but do no damage.
The orc priest is moderately wounded.
You barely miss the orc. The orc priest closely misses you.
The orc hits you with a +0 dagger.
* * * LOW HITPOINT WARNING * * *
You completely miss the orc priest.
The orc priest is moderately wounded.
You hit the orc but do no damage.
The orc priest hits you but does no damage.
The orc closely misses you.
You hit the orc priest but do no damage.
The orc priest is lightly wounded.
You hit the orc. The orc hits you with a +0 dagger.
* * * LOW HITPOINT WARNING * * *
The orc priest calls upon Beogh to heal the orc.
The orc is healed somewhat.
You hit the orc priest but do no damage.
The orc priest is lightly wounded.
You hit the orc.
The orc priest looks satisfied for a moment.
The orc closely misses you.
You hit the orc priest.
The orc priest is heavily wounded.
You barely miss the orc. The orc completely misses you.
The orc priest barely misses you.
You closely miss the orc priest.
The orc priest is heavily wounded.
You closely miss the orc. The orc barely misses you.
The orc priest hits you but does no damage. x2
The orc hits you with a +0 dagger.
You die...

#.###..........#
#.)..#
##...#####.##
##....# # #.###
##.###.##.##
######.####.######
##...###.#
.................#
##.## #.#
#.###..####.####.#
#.# #.# .##
#.####.## #.# #.#
#.# .# #.......#
#.# #.# #.# #
#.####..###@#####.#
#.####
#..#..oo.....#
#....# #
#............#
####.# #
##.#.#.#####.# #.#
# #.#.#.# #.# #.# #
#.#.#.# #.# #.# #
#.#...# #.# #.#
#.#.### #.### #.##
#.#.# ####...# #...


You could see an orc priest and an orc.

Vanquished Creatures
  2 dart slugs
  2 orcs (D:3)
  4 bats
  2 endoplasms
  2 giant cockroaches
  2 goblins (D:1)
  A hobgoblin (D:2)
  4 jackals (D:1)
  6 kobolds
  A quokka (D:1)
  2 ball pythons
  2 frilled lizards
  2 rats (D:1)
32 creatures vanquished.

Notes
Turn   | Place    | Note
-------+----------+-------------------------------------------
     0 | D:1      | Pimp the Demonspawn Berserker began the quest for the Orb.
     0 | D:1      | Reached XP level 1. HP: 18/18 MP: 1/1
   115 | D:1      | Gained mutation: You have large cloven feet. [demonic
                  | ancestry]
   115 | D:1      | Reached XP level 2. HP: 4/24 MP: 2/2
   414 | D:1      | Found a faded altar of an unknown god.
  1450 | D:2      | Reached XP level 3. HP: 29/29 MP: 3/3
  1682 | D:2      | Reached ** piety under Trog
  1996 | D:3      | Slain by an orc

Illustrated notes

Levels and vault maps discovered:
D:1:      dpeg_arrival_orchard, layout_loops_cross,
          shapermc_ecumenical_altar_rom_forum, minmay_pentomino_z2
D:2:      layout_basic, grunt_ministairs_1, serial_bayou_crossing
D:3:      cheibrodos_pilgrimage, layout_loops_ring

Skill      XL: |  1  2 |
---------------+-------+-----
Armour         | 2 |  2.3
Dodging        | 2 |  2.3
Axes           | 3 |  3.1
Fighting       | |  3.3

Action                     || total
---------------------------++-------
  Melee: Hand axe          ||    99
         Kick              ||     1
         Punch             ||     1
 Invoke: Berserk           ||     1
    Use: Scroll            ||     8
         Potion            ||     2
 Armour: Animal skin       ||     6
         Chain mail        ||    51
  Dodge: Dodged            ||    79

Table legend: (Time is in decaauts)
 A = Elapsed time spent in this place.
 B = Non-inter-level travel time spent in this place.
 C = Inter-level travel time spent in this place.
 D = Time resting spent in this place.
 E = Time spent auto-exploring this place.
 F = Levels seen in this place.
 G = Mean time per level.
                   A        B        C        D        E       F      G
               +--------+--------+--------+--------+--------+-----+--------+
         Total |   2024 |   1970 |     54 |    272 |   1373 |   3 |  674.7 |
       Dungeon |   2024 |   1970 |     54 |    272 |   1373 |   3 |  674.7 |
               +--------+--------+--------+--------+--------+-----+--------+

Top non-repeatable levels by time:
     D:1: 965 daAuts
     D:2: 878 daAuts
     D:3: 179 daAuts
